 Dungeon Crawl Stone Soup version 0.20.1-1-g8b1a95d (webtiles) character file.

1561 Gargoyl the Protected (level 8, -7/70 HPs)
             Began as a Minotaur Abyssal Knight on July 15, 2017.
             Was an Elder of Lugonu.
             Mangled by Gargoyl's ghost (9 damage)
             ... on level 7 of the Dungeon.
             The game lasted 00:11:58 (5939 turns).

Gargoyl the Protected (Minotaur Abyssal Knight)     Turns: 5939, Time: 00:11:59

Health: -7/70      AC: 17    Str: 17    XL:     8   Next: 58%
Magic:  10/10      EV:  6    Int:  9    God:    Lugonu [****..]
Gold:   295        SH:  5    Dex: 12    Spells: 7/7 levels left

rFire    . . .     SeeInvis +   A - +1 hand axe (chop)
rCold    . . .     Gourm    .   (no shield)
rNeg     . . .     Faith    .   w - +1 plate armour
rPois    +         Spirit   .   (helmet restricted)
rElec    .         Reflect  +   (no cloak)
rCorr    .         Harm     .   h - +1 pair of gloves
MR       .....                  (no boots)
Stlth    ..........             d - +5 amulet of reflection
Regen    0.3/turn               i - ring of poison resistance
MPRegen  0.2/turn               n - ring of see invisible

@: no status effects
A: retaliatory headbutt, horns 2
a: Depart the Abyss, Bend Space, Banish, Corrupt, Renounce Religion


You were on level 7 of the Dungeon.
You worshipped Lugonu.
Lugonu was greatly pleased with you.
You were very hungry.

You visited 1 branch of the dungeon, and saw 7 of its levels.
You visited the Abyss 1 time.

You collected 295 gold pieces.

Inventory:

Hand Weapons
 a - a +2 hand axe
 A - a +1 hand axe of chopping (weapon)
Missiles
 b - 7 tomahawks (quivered)
Armour
 e - a +1 plate armour of cold resistance
 h - a +1 pair of gloves (worn)
 w - a +1 plate armour (worn)
Jewellery
 d - a +5 amulet of reflection (around neck)
 i - a ring of poison resistance (left hand)
 n - a ring of see invisible (right hand)
 y - an uncursed ring of resist corrosion
Wands
 l - a wand of iceblast (4/15)
 m - a wand of acid (7/15)
 q - a wand of disintegration (19/24)
 t - a wand of disintegration (16/24)
Scrolls
 g - 5 scrolls of identify
 j - 6 scrolls of teleportation
 r - 8 scrolls of remove curse
 u - a scroll of magic mapping
Potions
 k - 5 potions of curing
 p - 2 potions of heal wounds {unknown}
 x - a potion of haste {unknown}
 z - 2 potions of mutation {unknown}
 B - a potion of degeneration {unknown}
Books
 o - a book of Conjurations

   Spells                             Type                      Level
   a - Magic Dart                     Conjuration                  1
   b - Searing Ray                    Conjuration                  2
   c - Dazzling Spray                 Conjuration/Hexes            3
   d - Fulminant Prism                Conjuration/Hexes            4
   e - Force Lance                    Conjuration/Translocation    4
   f - Iskenderun's Mystic Blast      Conjuration                  4
Comestibles
 c - 6 bread rations
 f - 3 meat rations
 s - 2 fruits
 v - a royal jelly


   Skills:
 + Level 5.9 Fighting
 + Level 7.1 Axes
 + Level 0.2 Throwing
 * Level 8.4 Armour
 + Level 2.6 Dodging
 * Level 4.6 Invocations


You had 7 spell levels left.
You didn't know any spells.

Dungeon Overview and Level Annotations

Branches:
Dungeon (7/15)             Temple (0/1) D:4

Altars:
Dithmenos
Fedhas
Gozag
Makhleb
Nemelex Xobeh
Okawaru
Sif Muna
Trog
Uskayaw
Vehumet
The Shining One

Annotations:
D:7 Gargoyl's ghost, novice MiAK


Innate Abilities, Weirdness & Mutations

You reflexively headbutt those who attack you in melee.
You have a pair of horns on your head.


Message History

Gargoyl's ghost is lightly damaged.
Gargoyl's ghost hits you.
Unknown command.
You hit Gargoyl's ghost but do no damage.
You headbutt Gargoyl's ghost.
Gargoyl's ghost is lightly damaged.
Gargoyl's ghost says, "You cannot hurt me!"
Gargoyl's ghost hits you but does no damage.
Unknown command.
You hit Gargoyl's ghost but do no damage.
Gargoyl's ghost is lightly damaged.
Gargoyl's ghost hits you.
* * * LOW HITPOINT WARNING * * *
Gargoyl's ghost hits you.
* * * LOW HITPOINT WARNING * * *
Gargoyl's ghost hits you!
* * * LOW HITPOINT WARNING * * *
There is a stone staircase leading up here.
Gargoyl's ghost hits you!
You die...

.......#.#
.......#.#########
.......#>.†.......
.......))†.#####.#
######..(....#
#.)...#.###
#.....#...#
###...W...#
#####@..# #.#.#
#.#.# ... # ...
....# ....# ###.##


You could see Gargoyl's ghost.

Vanquished Creatures
  An orc warrior (D:7)
  A phantom (D:4)
  An ice beast (D:6)
  An ogre (D:6)
  A centaur (D:5)
  2 bullfrogs (D:6)
  4 scorpions
  A crimson imp (D:6)
  5 orc wizards
  2 hounds
  6 orc priests
  2 iguanas
  3 worker ants
  2 worker ant zombies
  Robin (D:2)
  A gnoll (D:3)
  6 adders
  A shadow imp (D:5)
  2 worms
  3 dart slugs
  7 leopard geckos
  31 orcs
  2 bats
  4 giant cockroaches
  11 goblins
  8 hobgoblins
  13 jackals
  3 quokkas
  A ball python (D:3)
  3 frilled lizards
  A jackal skeleton (D:6)
  5 kobolds
  A quokka skeleton (D:5)
  7 rats
143 creatures vanquished.

Notes
Turn   | Place    | Note
-------+----------+-------------------------------------------
     0 | Abyss:1  | Gargoyl the Minotaur Abyssal Knight began the quest for the Orb.
     0 | Abyss:1  | Reached XP level 1. HP: 19/19 MP: 1/1
    42 | Abyss:1  | Found a hide-covered altar of Uskayaw.
    57 | Abyss:1  | Noticed a jelly
    92 | Abyss:1  | Noticed a small abomination
    96 | D:1      | Escaped the Abyss
   272 | D:1      | Reached XP level 2. HP: 27/27 MP: 2/2
   768 | D:1      | Reached * piety under Lugonu
   946 | D:2      | Noticed Robin
   952 | D:2      | Reached XP level 3. HP: 31/33 MP: 3/3
   956 | D:2      | Reached skill level 3 in Armour
   982 | D:2      | Killed Robin
  1263 | D:2      | Found a shadowy altar of Dithmenos.
  1524 | D:2      | Reached XP level 4. HP: 41/41 MP: 3/5
  1770 | D:3      | Reached ** piety under Lugonu
  1776 | D:3      | Reached XP level 5. HP: 44/47 MP: 6/6
  2295 | D:3      | Reached skill level 4 in Armour
  2295 | D:3      | Reached XP level 6. HP: 49/55 MP: 7/7
  2436 | D:3      | Reached skill level 5 in Axes
  3083 | D:4      | Found a hide-covered altar of Uskayaw.
  3083 | D:4      | Found a blossoming altar of Fedhas.
  3083 | D:4      | Found a bloodstained altar of Trog.
  3083 | D:4      | Found a radiant altar of Vehumet.
  3083 | D:4      | Found an iron altar of Okawaru.
  3083 | D:4      | Found a deep blue altar of Sif Muna.
  3084 | D:4      | Found a sparkling altar of Nemelex Xobeh.
  3084 | D:4      | Found a burning altar of Makhleb.
  3099 | D:4      | Found an iron altar of Okawaru.
  3099 | D:4      | Found a blossoming altar of Fedhas.
  3099 | D:4      | Found a glowing golden altar of the Shining One.
  3100 | D:4      | Found a radiant altar of Vehumet.
  3145 | D:4      | Reached skill level 5 in Fighting
  3249 | D:4      | Found a staircase to the Ecumenical Temple.
  3320 | D:3      | Reached *** piety under Lugonu
  3320 | D:3      | Reached skill level 5 in Armour
  3320 | D:3      | Reached XP level 7. HP: 46/61 MP: 8/8
  3995 | D:5      | Entered Level 5 of the Dungeon
  4021 | D:5      | Found an opulent altar of Gozag.
  4100 | D:5      | Reached skill level 6 in Armour
  4472 | D:5      | Reached XP level 8. HP: 58/69 MP: 10/10
  4826 | D:6      | Reached skill level 7 in Armour
  4984 | D:6      | Found a deep blue altar of Sif Muna.
  5702 | D:6      | Found a deep blue altar of Sif Muna.
  5777 | D:6      | Reached skill level 8 in Armour
  5842 | D:7      | Reached **** piety under Lugonu
  5922 | D:7      | Noticed Gargoyl's ghost (novice MiAK)
  5938 | D:7      | HP: 2/70 [Gargoyl's ghost (16)]
  5939 | D:7      | Mangled by Gargoyl's ghost

Skill      XL: |  1  2  3  4  5  6  7  8 |
---------------+-------------------------+-----
Invocations    | 2 3 4 |  4.6
Fighting       | 4 5 |  5.9
Armour         | 3 4 5 6 8 |  8.4
Axes           | 3 4 5 6 7 |  7.1
Dodging        | 2 |  2.6
Throwing       | |  0.2

Action                   |  1- 3 |  4- 6 |  7- 9 || total
-------------------------+-------+-------+-------++-------
Melee: Hand axe          |    83 |   145 |   197 ||   425
       Headbutt          |    10 |    20 |    42 ||    72
Throw: Tomahawk          |       |       |     3 ||     3
Invok: Depart the Abyss  |     1 |       |       ||     1
  Use: Scroll            |     5 |     3 |     7 ||    15
       Potion            |       |     2 |       ||     2
  Eat: Chunk             |     2 |     6 |     7 ||    15
Armor: Leather armour    |    26 |       |       ||    26
       Chain mail        |       |   121 |    83 ||   204
       Plate armour      |       |       |    14 ||    14
Dodge: Dodged            |    50 |    59 |    71 ||   180
Block: Other             |    22 |    33 |    43 ||    98
       Reflection        |     1 |     1 |     2 ||     4
